 Dungeon Crawl Stone Soup version 0.31-a0-152-g6aa68a64a1 (webtiles) character file.

Game seed: 3193545219422371836

285 mopl the Sneak (level 6, -2/42 HPs)
             Began as an Octopode Brigand on June 8, 2023.
             Was an Initiate of Dithmenos.
             Slain by an ogre
             ... wielding a +0 giant club
              (23 damage)
             ... on level 4 of the Dungeon on June 9, 2023.
             The game lasted 00:04:11 (3373 turns).

mopl the Sneak (Octopode Brigand)                   Turns: 3373, Time: 00:04:11

Health: -2/42      AC:  1    Str: 10    XL:     6   Next: 29%
Magic:  6/6        EV: 13    Int: 16    God:    Dithmenos [......]
Gold:   123        SH:  0    Dex: 13    Spells: 5/5 levels left

rFire   . . .        a - +1 dagger (venom)
rCold   + . .        z - orb {light}
rNeg    . . .        p - +0 hat
rPois   .            (no amulet)
rElec   .            y - ring of protection from cold
rCorr   .            (no ring)
SInv    .            (no ring)
Will    .....        (no ring)
Stlth   ++           (no ring)
HPRegen 0.27/turn    (no ring)
MPRegen 0.10/turn    (no ring)
                     (no ring)

%: no passive effects
@: glowing
A: almost no armour, amphibious, 8 rings, camouflage 1, gelatinous body 1,
(nimble swimmer 1), tentacles
a: Renounce Religion


You were on level 4 of the Dungeon.
You worshipped Dithmenos.
Dithmenos was noncommittal.
You visited 2 branches of the dungeon, and saw 5 of its levels.

You collected 123 gold pieces.

Inventory:

Hand Weapons
 a - a +1 dagger of venom (weapon)
 b - a +1 rapier of venom
 e - a +2 dagger
 k - the +6 falchion of the Reasonable God {drain, *Noise rCorr Str+2}
   (You found it on level 2 of the Dungeon)

   Str:       It affects your strength (+2).
   *Noise:    It may make noises in combat.
   rCorr:     It protects you from acid and corrosion.
Missiles
 c - 2 curare-tipped darts
 j - 8 poisoned darts (quivered)
 o - 4 boomerangs
 u - 5 javelins
 w - 3 boomerangs of dispersal
Armour
 p - a +0 hat (worn)
 z - an orb of light (worn)
Jewellery
 y - a ring of protection from cold (left tentacle)
Wands
 m - a wand of mindburst (15)
Scrolls
 f - a scroll of teleportation {unknown}
 g - 2 scrolls of identify {unknown}
 h - 2 scrolls of noise {unknown}
 i - a scroll of acquirement {unknown}
 n - a scroll of enchant weapon {unknown}
 s - a scroll of butterflies {unknown}
 v - a scroll of amnesia {unknown}
Potions
 d - 2 potions of cancellation {unknown}
 l - 3 potions of enlightenment {unknown}
 q - 2 potions of resistance {unknown}
 r - 3 potions of curing {unknown}
 t - a potion of heal wounds {unknown}
 x - 2 potions of attraction {unknown}


   Skills:
 + Level 3.4 Fighting
 - Level 2.0 Short Blades
 + Level 3.5 Throwing
 + Level 2.9 Dodging
 + Level 6.7 Stealth
 + Level 1.0 Invocations
 + Level 1.0 Evocations


You had 5 spell levels left.
You didn't know any spells.
Your spell library contained the following spells:

 Spells                   Type           Power      Damage    Failure   Level
 Magic Dart               Conj           0%         1d3       26%         1
 Call Imp                 Summ           0%         N/A       36%         2
 Mephitic Cloud           Conj/Pois/Air  0%         N/A       58%         3


Dungeon Overview and Level Annotations

Branches:
Dungeon (4/15)             Temple (1/1) D:4

Altars:
Dithmenos
Elyvilon
Fedhas
Gozag
Makhleb
Nemelex Xobeh
Okawaru
Qazlal
Sif Muna
Vehumet
Wu Jian
Xom
Yredelemnul
The Shining One

Shops:
D:1 =


Innate Abilities, Weirdness & Mutations

You cannot wear most types of armour.
You are amphibious.
You can wear up to eight rings at the same time.
Your skin changes colour to match your surroundings (Stealth+).
Your rubbery body absorbs attacks. (AC +1, EV +1)
((You are camouflaged when in or above water. (Stealth+)))
You have tentacles for arms and can constrict up to eight enemies at once.


Message History

Your Invocations skill increases to level 1!
You have reached level 6!
You start resting.
HP restored.
j - 7 poisoned darts (gained 1)
j - 8 poisoned darts (gained 1)
j - 9 poisoned darts (gained 1)
You open the door.
There is an open door here.
A white imp comes into view.
The white imp shouts!
An ogre comes into view. It is wielding a +0 giant club.
The ogre shouts!
You hit the white imp but do no damage.
The white imp is poisoned.
You grab the white imp. You squeeze the white imp!
The white imp is severely wounded.
You constrict the white imp. The white imp gestures at you.
The puff of frost hits you. You resist.
You hit the white imp.
The white imp is almost dead.
You constrict the white imp.
You kill the white imp!
Dithmenos accepts your kill.
Your Evocations skill increases to level 1!
You throw a poisoned dart. The poisoned dart hits the ogre!
The ogre is poisoned.
You hit the ogre.
The ogre is lightly wounded.
The ogre barely misses you.
You completely miss the ogre.
The ogre is lightly wounded.
You hit the ogre.
The ogre is moderately wounded.
The ogre hits you with a +0 giant club!!
You are too injured to fight recklessly!
The ogre attacks as you move away!
The ogre hits you with a +0 giant club!!
Ouch! That really hurt!
You die...

###################
#..................
#.#################
#.# ###'### .###.....#
..........#
........@.#
#.......O.#
##.........#
#######.........(...
.............###.....#
............. ......#
<........... ......+
..>.......#.. ......#
#.# .......##
#....#.....# #.#


You could see an ogre (very poisoned).

Vanquished Creatures
  A black bear (D:4)
  Ijyb (D:2)
  An orc wizard (D:3)
  A hound skeleton (D:3)
  5 adders
  A white imp (D:4)
  2 adder skeletons (D:3)
  A worm (D:3)
  A dart slug (D:1)
  3 orcs (D:3)
  4 endoplasms
  3 giant cockroaches
  8 hobgoblins
  2 ball pythons (D:1)
  5 bats
  A giant cockroach zombie (D:3)
  12 goblins
  8 kobolds
  A quokka zombie (D:3)
  8 rats
69 creatures vanquished.

Notes
Turn   | Place    | Note
-------+----------+-------------------------------------------
     0 | D:1      | mopl the Octopode Brigand began the quest for the Orb.
     0 | D:1      | Reached XP level 1. HP: 14/14 MP: 1/1
   165 | D:1      | Reached XP level 2. HP: 19/19 MP: 2/2
   280 | D:1      | Upgraded the game from 0.31-a0-150-g89dc3ad700 to
                  | 0.31-a0-152-g6aa68a64a1
   484 | D:1      | Reached XP level 3. HP: 25/25 MP: 3/3
   547 | D:1      | Found Voeruluu's Jewellery Shop.
   848 | D:2      | Found an iron altar of Okawaru.
   941 | D:2      | Identified the +6 falchion of the Reasonable God {drain,
                  | *Noise rCorr Str+2}
  1276 | D:2      | Noticed Ijyb
  1282 | D:2      | Reached skill level 2 in Dodging
  1282 | D:2      | Reached XP level 4. HP: 23/30 MP: 4/4
  1289 | D:2      | Killed Ijyb
  1290 | D:2      | Reached skill level 6 in Stealth
  2128 | D:3      | Reached skill level 3 in Throwing
  2183 | D:3      | Reached skill level 3 in Fighting
  2183 | D:3      | Reached XP level 5. HP: 36/36 MP: 5/5
  3024 | D:4      | Found a staircase to the Ecumenical Temple.
  3035 | Temple   | Entered the Ecumenical Temple
  3136 | Temple   | Became a worshipper of Dithmenos the Shadowed
  3207 | D:4      | Noticed a black bear
  3216 | D:4      | Killed a black bear
  3217 | D:4      | Reached skill level 1 in Invocations
  3217 | D:4      | Reached XP level 6. HP: 16/42 MP: 6/6
  3368 | D:4      | Reached skill level 1 in Evocations
  3373 | D:4      | Slain by an ogre

Illustrated notes

Levels and vault maps discovered:
D:1:      dpeg_arrival_pits, layout_loops_corners, serial_shops, shop
D:2:      kennysheep_the_goblin_king, layout_basic, serial_aquarium,
          aquarium_bridge_island_small [aquarium_subvault_small_open,
          aquarium_subvault_bridge, aquarium_subvault_bridge,
          aquarium_subvault_bridge, aquarium_subvault_wall],
          aquarium_window_fake, aquarium_window_corridor_3, aquarium_view_2e,
          aquarium_view_2e, basic_altar
D:3:      minmay_general_purpose_star, layout_loops_corners, serial_undead,
          serial_undead_c, serial_undead_f, serial_undead_e, serial_undead_c,
          uniq_ijyb
D:4:      gammafunk_cloud_chamber, layout_basic,
          minmay_temple_entry_gardened_gates, hangedman_decor_growths,
          uniq_duvessa
Temple:   regret_index_temple_sphere_string

Skill      XL: |  1  2  3  4  5  6 |
---------------+-------------------+-----
Dodging        | 2 |  2.9
Stealth        | 6 |  6.7
Throwing       | 3 |  3.5
Fighting       | 3 |  3.4
Invocations    | 1 |  1.0
Evocations     | 1 |  1.0
Short Blades   | |  2.0

Action                     |  1- 3 |  4- 6 || total
---------------------------+-------+-------++-------
  Melee: Dagger            |    58 |    69 ||   127
         Constrict         |    15 |    16 ||    31
         Tentacles         |     9 |    15 ||    24
         Punch             |       |     1 ||     1
  Throw: Dart              |       |     7 ||     7
   Stab: Sleeping          |    14 |    11 ||    25
 Armour: Skin              |     4 |     4 ||     8
  Dodge: Dodged            |    17 |    27 ||    44

Table legend: (Time is in decaauts)
 A = Elapsed time spent in this place.
 B = Non-inter-level travel time spent in this place.
 C = Inter-level travel time spent in this place.
 D = Time resting spent in this place.
 E = Time spent auto-exploring this place.
 F = Levels seen in this place.
 G = Mean time per level.
                   A        B        C        D        E       F      G
               +--------+--------+--------+--------+--------+-----+--------+
         Total |   3356 |   3164 |    192 |    228 |   2443 |   5 |  671.2 |
       Dungeon |   3238 |   3063 |    175 |    228 |   2359 |   4 |  809.5 |
        Temple |    117 |    101 |     16 |      0 |     84 |   1 |  117.0 |
               +--------+--------+--------+--------+--------+-----+--------+

Top non-repeatable levels by time:
     D:2: 1221 daAuts
     D:3: 967 daAuts
     D:1: 804 daAuts
     D:4: 244 daAuts
  Temple: 117 daAuts
